 Dungeon Crawl Stone Soup version 0.14-a0-1663-g0b35444 (webtiles) character file.

5252 M4edhros the Cultivator (level 10, 0/58 HPs)
             Began as an Octopode Artificer on Dec 28, 2013.
             Was a Priest of Fedhas.
             Killed from afar by a deep elf fighter (18 damage)
             ... with a puff of frost
             ... in a bailey.
             The game lasted 00:20:33 (8901 turns).

M4edhros the Cultivator (Octopode Artificer)        Turns: 8901, Time: 00:20:33

HP   0/58        AC  3     Str 11      XL: 10   Next: 49%
MP   0/23        EV 12     Int 21      God: Fedhas [***...]
Gold 418         SH  0     Dex 10 (12) Spells:  2 memorised, 10 levels left

rFire  + . .     SeeInvis +     y - +5,+4 quarterstaff (chaos)
rCold  x . .     Clarity  .     (no shield)
rNeg   . . .     Conserve .     I - +2 wizard hat
rPois  +         rCorr    .     o - cursed amulet of guardian spirit
rElec  .         rRot     .     k - ring of poison resistance
SustAb . .       Spirit   +     v - ring of flight
rMut   .         Warding  .     B - +3 ring of intelligence
Saprov . . .     Stasis   .     K - ring of fire
                                H - ring of see invisible
                                (no ring)
                                (no ring)
                                (no ring)

@: somewhat resistant to hostile enchantments, stealthy
A: almost no armour, amphibious, 8 rings, constrict 8, camouflage 1, gelatinous
body 1
a: Evolution, Sunlight, Growth, Renounce Religion, Evoke Flight


You were in a bailey.
You worshipped Fedhas.
Fedhas was most pleased with you.
You were very hungry.

You visited 2 branches of the dungeon, and saw 9 of its levels.
You also visited: Bailey.

You collected 418 gold pieces.

Inventory:

Hand weapons
 a - a +0,+0 short sword
 i - a -1,+1 orcish trident
 y - a +5,+4 quarterstaff of chaos (weapon)
Armour
 I - a +2 wizard hat (worn)
Magical devices
 b - a wand of flame (0)
 c - a wand of enslavement (6)
 d - a wand of random effects (5)
 j - a wand of fire (2)
 w - a wand of slowing (15)
 D - a wand of teleportation (3)
 J - a wand of paralysis (10)
Comestibles
 f - 5 bread rations
 l - a lemon
 x - a choko
 A - 2 pears
 M - 2 meat rations
 P - 8 slices of pizza
Scrolls
 e - a scroll of blinking
 g - 5 scrolls of teleportation
 h - a scroll of fog
 m - 3 scrolls of identify
 q - 6 scrolls of remove curse
 r - 2 scrolls of recharging
 u - a scroll of noise
 G - a scroll of fear
 N - a scroll of summoning {unknown}
Jewellery
 k - a ring of poison resistance (left tentacle)
 o - a cursed amulet of guardian spirit (around mantle)
 v - a ring of flight (right tentacle)
 B - a +3 ring of intelligence (on tentacle)
 H - a ring of see invisible (on tentacle)
 K - a ring of fire (on tentacle)
 L - an uncursed amulet of resist corrosion
Potions
 s - 3 potions of curing
 t - a potion of brilliance
 z - 2 potions of flight
 E - a potion of invisibility
 O - 2 potions of might
Books
 n - a book of Spatial Translocations

   Spells                             Type                      Level
   Apportation                        Translocation                1
   Portal Projectile                  Translocation                2
   *Blink                             Translocation                2
   Shroud of Golubria                 Charms/Translocation         2
   Teleport Other                     Translocation                3
   Passage of Golubria                Translocation                4
 p - a book of Cantrips

   Spells                             Type                      Level
   Confusing Touch                    Hexes                        1
   Animate Skeleton                   Necromancy                   1
   Summon Small Mammal                Summoning                    1
   Apportation                        Translocation                1
 C - a book of Clouds

   Spells                             Type                      Level
   *Mephitic Cloud                    Conjuration/Poison/Air       3
   Conjure Flame                      Conjuration/Fire             3
   Poisonous Cloud                    Conjuration/Poison/Air       6
   Freezing Cloud                     Conjuration/Ice/Air          6
   Ring of Flames                     Charms/Fire                  7


   Skills:
 - Level 1.0 Fighting
 - Level 1.0 Short Blades
 - Level 2.0 Dodging
 - Level 1.3 Stealth
 + Level 3.1 Spellcasting
 * Level 5.3 Conjurations
 * Level 4.5 Air Magic
 + Level 4.1 Poison Magic
 - Level 10.1 Invocations
 - Level 10.0 Evocations


You had 10 spell levels left.
You knew the following spells:

 Your Spells              Type           Power        Failure   Level  Hunger
a - Blink                 Tloc           N/A          21%         2    ##.....
b - Mephitic Cloud        Conj/Pois/Air  ###.....     10%         3    ###....


Dungeon Overview and Level Annotations

Branches:
Dungeon (8/16)             Temple (1/1) D:5
   Lair: D:8-11

Altars:
Ashenzari
Cheibriados
Elyvilon
Fedhas
Kikubaaqudgha
Makhleb
Nemelex Xobeh
Okawaru
Sif Muna
Trog
Vehumet
Xom
Yredelemnul
Zin
the Shining One

Shops:
D:7 [

Annotations:
D:4 wojtek's ghost, average TeGl


Innate Abilities, Weirdness & Mutations

You cannot wear most types of armour.
You are amphibious.
You can wear up to eight rings at the same time.
You can use your tentacles to constrict many enemies at once.
Your skin changes colour to match your surroundings (Stlth).
Your rubbery body absorbs attacks (AC +1).


Message History

Confirm with . or Enter, or press ? or * to list all spells.
Aiming: Mephitic Cloud
Press: ? - help, Shift-Dir - straight line, f - deep elf fighter, p - wandering mushroom
Aim: a deep elf fighter, wielding an elven bow and wearing an elven leather armour (heavily wounded, moving very quickly)
The beam explodes into a vile cloud!
The stinking cloud engulfs the deep elf fighter.
The deep elf fighter is heavily wounded.
The deep elf fighter is engulfed in noxious fumes.
The deep elf fighter shoots an arrow.
The arrow hits you!
* * * LOW HITPOINT WARNING * * *
Unknown command.
Unknown command.
Unknown command.
Drink which item? (? for menu, Esc to quit)
You feel much better.
The deep elf fighter is engulfed in noxious fumes.
The deep elf fighter points at you and mumbles some strange words.
The puff of frost hits you!
You feel a terrible chill!
You die...
Fedhas appreciates your contribution to the ecosystem.

... ##..f##....#
..#####f###..##
##...###...######
#.....#.f...##..##
#.....#.....#§§..#
#....)#f....#§§).#
##....#f...###e.#
#####)##### #(##
##...)#....###)@##
#.....#.....#.(f)#
#..∩..#.....#....#
#.....#.....##..##
###...###..f##f###
#..##'######f.##
..).##...##....#
....#.....#....#
#..##..∩..##..##


You could see a deep elf fighter and 2 friendly wandering mushrooms.

Vanquished Creatures
  The ghost of MirrMurr the Covert, an experienced SpEn of Ashenzari (D:6)
  A raven (D:7)
  A two-headed ogre (D:5)
  6 deep elf magi (Bailey)
  5 deep elf fighters
  2 sky beasts (D:5)
  3 ogres
  2 centaurs (D:5)
  6 giant frogs
  4 crimson imps
  A quasit (D:7)
  An orc priest (D:4)
  2 jellies
  3 hounds
  4 orc wizards
  2 worker ants
  An iguana (D:5)
  A scorpion (D:5)
  Ijyb (D:5)
  3 gnolls (D:5)
  10 adders
  2 giant mites
  4 worms
  An iguana skeleton (D:7)
  A giant eyeball (D:5)
  4 giant geckos
  An ooze (D:3)
  17 orcs
  A bat skeleton (D:5)
  4 giant cockroaches
  16 hobgoblins
  13 jackals
  13 kobolds
  4 ball pythons
  16 bats
  3 giant newts
  A giant newt skeleton (D:4)
  14 goblins
  A goblin skeleton (D:4)
  5 quokkas
  A quokka skeleton (D:3)
  16 rats
  2 rat skeletons (D:4)
  A rat zombie (D:6)
201 creatures vanquished.

Vanquished Creatures (collateral kills)
  The ghost of ReteAZ the Cleaver, an experienced DDFi of Makhleb (D:5)
  A troll (D:5)
  2 deep elf fighters (Bailey)
  An iguana (D:8)
  A manticore (D:8)
  Menkaure (D:7)
  2 ogres
  Crazy Yiuf (D:5)
  A phantom (D:7)
  A black bear (D:7)
  An orc warrior (D:7)
  An ice beast (D:6)
  Blork the orc (D:5)
  3 orc priests
  A hound (D:5)
  An orc wizard (D:8)
  A gnoll (D:5)
  2 adders
  An iguana skeleton (D:5)
  An ooze (D:5)
  17 orcs
  A hobgoblin zombie (D:5)
  A rat (D:5)
44 creatures vanquished.

Vanquished Creatures (others)
  A killer bee zombie (D:5)
  8 wandering mushrooms
  107 toadstools
116 creatures vanquished.

Grand Total: 361 creatures vanquished

Notes
Turn   | Place    | Note
--------------------------------------------------------------
     0 | D:1      | M4edhros, the Octopode Artificer, began the quest for the Orb.
     0 | D:1      | Reached XP level 1. HP: 13/13 MP: 1/1
    75 | D:1      | Reached skill level 4 in Evocations
    75 | D:1      | Reached XP level 2. HP: 13/18 MP: 3/3
   426 | D:3      | Reached XP level 3. HP: 21/23 MP: 5/5
   531 | D:4      | Noticed wojtek's ghost (average TeGl)
   796 | D:4      | Reached skill level 5 in Evocations
  1316 | D:4      | Reached skill level 6 in Evocations
  1316 | D:4      | Reached XP level 4. HP: 10/28 MP: 6/8
  2004 | D:4      | Noticed an ogre
  2009 | D:4      | Killed an ogre
  2009 | D:4      | Reached skill level 7 in Evocations
  2009 | D:4      | Reached XP level 5. HP: 33/33 MP: 9/11
  2044 | D:4      | Reached XP level 6. HP: 2/38 MP: 13/13
  2456 | D:4      | Reached skill level 8 in Evocations
  2661 | D:5      | Entered Level 5 of the Dungeon
  2665 | D:5      | Noticed Ijyb
  2678 | D:5      | Killed Ijyb
  2696 | D:5      | Learned a level 2 spell: Blink
  2751 | D:5      | Noticed ReteAZ's ghost (experienced DDFi)
  2881 | D:5      | HP: 1/38 [something (4)]
  3196 | D:5      | Reached skill level 9 in Evocations
  3196 | D:5      | Reached XP level 7. HP: 43/43 MP: 15/17
  3263 | D:5      | Noticed a two-headed ogre
  3371 | D:5      | Found a staircase to the Ecumenical Temple.
  3438 | Temple   | Entered the Ecumenical Temple
  3686 | Temple   | Became a worshipper of Fedhas Madash
  4383 | D:2      | Paralysed by a potion of paralysis for 6 turns
  4519 | D:2      | Acquired Fedhas' first power
  5056 | D:3      | Reached skill level 10 in Evocations
  5419 | D:5      | Reached XP level 8. HP: 26/48 MP: 6/20
  5422 | D:5      | Acquired Fedhas' second power
  5440 | D:5      | Noticed a troll
  5453 | D:5      | Killed a troll
  5540 | D:5      | Noticed Blork the orc
  5650 | D:5      | Killed Blork the orc
  5650 | D:5      | Reached skill level 5 in Invocations
  5679 | D:5      | Noticed Crazy Yiuf
  5760 | D:5      | Killed Crazy Yiuf
  5903 | D:5      | Killed a two-headed ogre
  5952 | D:5      | Killed ReteAZ's ghost
  6637 | D:6      | Learned a level 3 spell: Mephitic Cloud
  6885 | D:6      | Reached XP level 9. HP: 38/53 MP: 14/21
  6939 | D:6      | Noticed MirrMurr's ghost (experienced SpEn)
  6946 | D:6      | Killed MirrMurr's ghost
  6982 | D:6      | Reached skill level 10 in Invocations
  7141 | D:6      | Reached skill level 1 in Conjurations
  7299 | D:7      | Found Priuti Cule's Antique Armour Emporium.
  7327 | D:7      | Reached skill level 1 in Air Magic
  7327 | D:7      | Reached skill level 1 in Poison Magic
  7445 | D:7      | Reached skill level 1 in Spellcasting
  7456 | D:7      | Found a radiant altar of Vehumet.
  7619 | D:7      | Noticed Menkaure
  7640 | D:7      | Killed Menkaure
  7751 | D:7      | Acquired Fedhas' third power
  8093 | D:8      | Reached XP level 10. HP: 58/58 MP: 23/23
  8614 | D:8      | Found a flagged portal.
  8627 | Bailey   | Entered a bailey
  8705 | Bailey   | Reached skill level 5 in Conjurations
  8901 | Bailey   | Killed from afar by a deep elf fighter

Action                   |  1- 3 |  4- 6 |  7- 9 | 10-12 || total
-------------------------+-------+-------+-------+-------++-------
Melee: Short sword       |    33 |       |       |       ||    33
       Trident           |    42 |    67 |   181 |       ||   290
       Quarterstaff      |       |       |    89 |    69 ||   158
 Cast: Mephitic Cloud    |       |       |       |     5 ||     5
Invok: Evolution         |       |       |     9 |     5 ||    14
       Sunlight          |       |       |     4 |     1 ||     5
Evoke: Wand              |     9 |    19 |    12 |     2 ||    42
  Use: Potion            |       |     2 |    11 |     2 ||    15
       Scroll            |       |       |    15 |       ||    15
 Stab: Sleeping          |     1 |     4 |    20 |       ||    25
       Distracted        |       |     2 |       |       ||     2
       Paralysed         |       |       |     2 |     1 ||     3
       Confused          |       |       |       |     1 ||     1
